 Dungeon Crawl Stone Soup version 0.14.2 (webtiles) character file.

144 fredomojojo the Sneak (level 3, -2/18 HPs)
             Began as a Spriggan Assassin on Nov 26, 2015.
             Slain by an adder (4 damage)
             ... on Level 3 of the Dungeon.
             The game lasted 00:17:48 (1373 turns).

fredomojojo the Sneak (Spriggan Assassin)           Turns: 1373, Time: 00:17:48

HP  -2/18        AC  3     Str 10      XL: 3   Next: 64%
MP   6/6         EV 17     Int 12      God:
Gold 91          SH  0     Dex 18      Spells:  1 memorised,  0 levels left

rFire  . . .     SeeInvis +     a - +2 dagger
rCold  . . .     Clarity  .     c - +0 robe
rNeg   . . .     Conserve .     (shield restricted)
rPois  .         rCorr    .     (helmet restricted)
rElec  .         rRot     .     d - +0 cloak
SustAb . .       Spirit   .     (gloves unavailable)
rMut   .         Warding  .     (boots unavailable)
Saprov . . .     Stasis   .     (no amulet)
MR     .....                    r - +3 ring of strength
                                m - ring of wizardry

@: very quick, not resistant to hostile enchantments, very stealthy
A: unfitting armour, see invisible, herbivore 3, speed 3, slow metabolism 2
a: no special abilities


You were on level 3 of the Dungeon.
You were not hungry.

You visited 1 branch of the dungeon, and saw 3 of its levels.

You collected 91 gold pieces.

Inventory:

Hand weapons
 a - a +2,+2 dagger (weapon)
 b - a +0 blowgun
 v - a +0,+2 sling of flame
 x - a +2,+1 dagger of venom
Missiles
 e - 30 poisoned needles
 f - 2 curare-tipped needles
 h - 34 darts (quivered)
 w - 10 stones
Armour
 c - a +0 robe (worn)
 d - a +0 cloak (worn)
Comestibles
 j - an apple
 z - a bread ration
Scrolls
 k - 2 scrolls of fear {unknown}
 n - a scroll of identify {unknown}
 o - a scroll of recharging {unknown}
 s - 4 scrolls of remove curse {unknown}
 t - a scroll of magic mapping {unknown}
 u - 2 scrolls of noise {unknown}
Jewellery
 m - a ring of wizardry (left hand)
 r - a +3 ring of strength (right hand)
Potions
 g - a potion of porridge
 i - a potion of heal wounds {unknown}
 l - a potion of degeneration {unknown}
 p - a potion of decay {unknown}
 q - 3 potions of curing
 A - 2 potions of poison {unknown}
Books
 y - a book of Death

   Spells                             Type                      Level
   Corpse Rot                         Necromancy                   2
   *Sublimation of Blood              Necromancy                   2
   Agony                              Necromancy                   5
   Dispel Undead                      Necromancy                   5
   Excruciating Wounds                Charms/Necromancy            5
   Bolt of Draining                   Conjuration/Necromancy       5


   Skills:
 + Level 1.9 Fighting
 + Level 2.6 Short Blades
 + Level 2.5 Throwing
 + Level 1.9 Dodging
 + Level 7.1 Stealth


You couldn't memorise any spells.
You knew the following spells:

 Your Spells              Type           Power        Failure   Level  Hunger
a - Sublimation of Blood  Necr           #.........   24%         2    ###....


Dungeon Overview and Level Annotations

Branches:
Dungeon (3/15)

Altars:


Innate Abilities, Weirdness & Mutations

You are tiny and cannot use many weapons and most armour.
You have supernaturally acute eyesight.
You are a herbivore.
You cover ground extremely quickly.
You need consume almost no food.


Message History

You closely miss the adder.
The adder is almost dead.
The adder completely misses you.
You closely miss the adder.
The adder is almost dead.
The adder closely misses you.
You barely miss the adder.
The adder is almost dead.
The adder closely misses you. The adder bites you.
* * * LOW HITPOINT WARNING * * *
You barely miss the adder.
The adder is severely wounded.
The adder misses you.
You hit the adder.
The adder is almost dead.
The adder completely misses you.
You hit the adder but do no damage.
The adder is almost dead.
The adder bites you.
You die...

....# #......##
..%.###.......#
......#.......#
....#.#.#####.# ##.##...#
#.# ...##########.# .###
#.......#
.######.#############.###
................@S.......
......###..##############
......# #...########...)#
........##.).......#....#
......#.#...####.###....#
......#.....####........#
......#.....%.....##....#
......##...#####.###....#
...........#.....# #...<#


You could see an adder.

Vanquished Creatures
  An adder (D:2)
  A worm (D:2)
  An ooze (D:1)
  An orc (D:3)
  A ball python (D:1)
  3 giant cockroaches
  6 goblins
  4 hobgoblins
  5 quokkas
  4 bats
  A giant gecko (D:2)
  3 giant newts (D:2)
  4 kobolds
  2 rats
37 creatures vanquished.

Notes
Turn   | Place    | Note
--------------------------------------------------------------
     0 | D:1      | fredomojojo, the Spriggan Assassin, began the quest for the Orb.
     0 | D:1      | Reached XP level 1. HP: 10/10 MP: 2/2
   101 | D:1      | Reached skill level 6 in Stealth
   222 | D:1      | Reached XP level 2. HP: 9/15 MP: 4/4
   636 | D:2      | Reached XP level 3. HP: 18/18 MP: 6/6
  1055 | D:2      | Reached skill level 7 in Stealth
  1184 | D:3      | Learned a level 2 spell: Sublimation of Blood
  1373 | D:3      | Slain by an adder

Action                   || total
-------------------------++-------
Melee: Dagger            ||   123
 Fire: Blowgun           ||     8
       Sling             ||     3
Throw: Dart              ||    24
  Use: Potion            ||     1
 Stab: Sleeping          ||     9
